 Dungeon Crawl Stone Soup version 0.27.1-33-g824d729ab1 (webtiles) character file.

Game seed: 3113562101931718405

4342 Draugr the Sneak (level 10, -1/72 HPs)
             Began as a Djinni Fire Elementalist on Nov 30, 2021.
             Was a Believer of Makhleb.
             Slain by a shadow (23 damage)
             ... on level 9 of the Dungeon on Dec 1, 2021.
             The game lasted 01:03:33 (10768 turns).

Draugr the Sneak (Djinni Fire Elementalist)        Turns: 10768, Time: 01:03:33

Health: -1/72      AC:  7    Str:  7    XL:     10   Next: 59%
Gold:   299        EV: 13    Int: 23    God:    Makhleb [**....] SH:  0 Dex: 15

rFire    + + .     SeeInvis .   y - +12 rapier of Veussata {vorpal, rC+ rCorr MP+9 Int-2}
rCold    . . .     Faith    .   (no shield)
rNeg     . . .     Spirit   .   a - +0 robe
rPois    ∞         Reflect  .   (no helmet)
rElec    .         Harm     .   h - +1 cloak
rCorr    +         Rampage  .   A - +2 pair of gloves
Will     +....                  (boots unavailable)
Stlth    ++++......             (no amulet)
HPRegen  0.22/turn              s - +6 ring of intelligence
MPRegen  0.00/turn              (no ring)

@: flying
A: sickness immunity, fire resistance 2, cold vulnerability 1, float, innate
caster, hp casting, extra vitality 1
a: Renounce Religion, Minor Destruction


You were on level 9 of the Dungeon.
You worshipped Makhleb.
Makhleb was pleased with you.
You visited 2 branches of the dungeon, and saw 10 of its levels.

You collected 524 gold pieces.
You spent 225 gold pieces at shops.

Inventory:

Hand Weapons
 c - a +6 mace
 j - a +1 vorpal falchion
 r - a +6 battleaxe
 y - the +12 rapier of Veussata (weapon) {vorpal, rC+ rCorr MP+9 Int-2}
   (You bought it in a shop on level 6 of the Dungeon)

   It inflicts extra damage upon your enemies.
   Int:       It affects your intelligence (-2).
   rC:        It protects you from cold.
   MP:        It affects your magic capacity (+9).
   rCorr:     It protects you from acid and corrosion.
Armour
 a - a +0 robe (worn)
 h - a +1 cloak (worn)
 A - a +2 pair of gloves (worn)
Jewellery
 k - a ring of fire
 s - a +6 ring of intelligence (left hand)
 C - a ring of willpower
 D - a ring of wizardry
Wands
 t - a wand of mindburst (16)
 v - a wand of digging (4)
 w - a wand of charming (9)
 x - a wand of acid (5)
Scrolls
 n - a scroll of fear
 u - 2 scrolls of brand weapon
 B - a scroll of enchant armour
 E - a scroll of teleportation
Potions
 b - 4 potions of curing
 d - a potion of might {unknown}
 e - 2 potions of mutation
 f - 2 potions of brilliance
 g - a potion of cancellation {unknown}
 i - a potion of haste
 o - 2 potions of degeneration {unknown}
 p - a potion of berserk rage {unknown}
 q - 2 potions of lignification
 z - a potion of flight {unknown}


   Skills:
 - Level 6.0 Fighting
 + Level 3.2 Short Blades
 - Level 0.1(1.0) Axes
 - Level 1.6 Maces & Flails
 - Level 4.0 Dodging
 - Level 7.1 Stealth
 - Level 6.0 Spellcasting
 - Level 6.1 Invocations


You couldn't memorise any spells.
You knew the following spells:

 Your Spells              Type           Power      Damage    Failure   Level
a - Foxfire               Conj/Fire      100%       2x1d9     1%          1
b - Conjure Flame         Conj/Fire      35%        6-21      1%          3
c - Inner Flame           Hex/Fire       35%        N/A       1%          3
d - Sticky Flame          Conj/Fire      35%        2d5       7%          4
e - Fireball              Conj/Fire      17%        3d9       19%         5
f - Magic Dart            Conj           100%       1d8       1%          1
g - Wereblood             Tmut           35%        N/A       1%          2
h - Lesser Beckoning      Tloc           17%        N/A       1%          3
i - Leda's Liquefaction   Hex/Erth       17%        N/A       7%          4
Your spell library was empty.

Dungeon Overview and Level Annotations

Branches:
Dungeon (9/15)             Temple (1/1) D:4            Lair (0/6) D:8
    Orc (0/2) D:9

Altars:
Ashenzari
Cheibriados
Dithmenos
Elyvilon
Fedhas
Gozag
Hepliaklqana
Kikubaaqudgha
Makhleb
Nemelex Xobeh
Okawaru
Qazlal
Ru
Trog
Uskayaw
Wu Jian
Xom
Zin
The Shining One
Lugonu

Shops:
D:6 (:   D:7 :

Annotations:
D:8 Psyche


Innate Abilities, Weirdness & Mutations

You are immune to sickness and miasma.
You are immune to poison.
Your flesh is very heat resistant. (rF++)
You are vulnerable to cold. (rC-)
You float through the air rather than walking.
You learn spells naturally, not from books.
Your magical power is your life essence.
You have superior vitality. (+4 HP)


Message History

The sticky flame hits the shadow but does no damage.
The shadow is almost destroyed.
* * * LOW HITPOINT WARNING * * *
The shadow hits you.
* * * LOW HITPOINT WARNING * * *
You feel much better. The shadow hits you!
Casting: Sticky Flame (dangerous; 7% risk of failure)
Confirm with . or Enter, or press ? or * to list all spells.
Aiming: Sticky Flame (dangerous; 7% risk of failure)
Press: ? - help, Shift-Dir - straight line, f/p - shadow
Aim: a shadow (almost destroyed, 100% to hit)
The sticky flame hits the shadow but does no damage.
The shadow is almost destroyed.
The shadow slips into darkness.
The shadow flickers and vanishes!
Deactivating autopickup; reactivate with Ctrl-A.
Casting: Sticky Flame (dangerous; 7% risk of failure)
Confirm with . or Enter, or press ? or * to list all spells.
You can't see any susceptible monsters within range! (Use Z to cast anyway.)
Casting: Sticky Flame (dangerous; 7% risk of failure)
Confirm with . or Enter, or press ? or * to list all spells.
Aiming: Sticky Flame (dangerous; 7% risk of failure)
Press: ? - help, Shift-Dir - straight line The sticky flame hits something but does no damage.
* * * LOW HITPOINT WARNING * * *
The shadow strikes at you from the darkness!
* * * LOW HITPOINT WARNING * * *
Reactivating autopickup.
You feel much better. The shadow closely misses you.
Casting: Sticky Flame (dangerous; 7% risk of failure)
Confirm with . or Enter, or press ? or * to list all spells.
Aiming: Sticky Flame (dangerous; 7% risk of failure)
Press: ? - help, Shift-Dir - straight line, f - shadow
Aim: a shadow (almost destroyed, 100% to hit)
The sticky flame hits the shadow!
You destroy the shadow!
Makhleb accepts your kill.
Your Short Blades skill increases to level 3!
The shadow strikes at you from the darkness!
You die...

#.# # ## ##.# # ..##### ##..#
.....Z# #<.## ....Z.# #.##
......## ####+###### ...Z...##
#....<....# ##
.....8.Z############.........# #.
.....Z.ZZZ.ZZ...@..'.........+>..
......##############.........###
Z.....# ##'######## ......#
#..### ..##### ##...# ## ###.##
#..# # #######'#######
..........#....


You could see a hobgoblin zombie, an orc zombie and an ogre zombie.

Vanquished Creatures
  Pikel (D:6)
  Maurice (D:8)
  Prince Ribbit (D:8)
  Eustachio (D:6)
  A shadow (D:9)
  A steam dragon (D:8)
  2 water moccasins
  2 ice beasts
  A hornet zombie (D:7)
  A necrophage (D:5)
  4 black bears
  A centaur (D:9)
  3 kobold brigands
  A bullfrog (D:8)
  A gnoll sergeant (D:8)
  4 scorpions
  9 wights
  A howler monkey (D:6)
  A hound (D:7)
  2 bullfrog skeletons
  A centaur zombie (D:6)
  5 orc priests
  2 jellies
  A centaur skeleton (D:7)
  2 iguanas
  5 orc wizards
  An ogre zombie (D:9)
  2 howler monkey zombies
  9 gnolls
  4 adders
  4 shadow imps
  A dart slug (D:3)
  2 worms
  23 orcs
  9 endoplasms
  4 giant cockroaches
  8 goblins
  3 hobgoblins
  20 kobolds
  A quokka (D:2)
  3 ball pythons
  5 bats
  2 frilled lizards (D:1)
  A hobgoblin skeleton (D:9)
  An orc skeleton (D:9)
  5 orc zombies (D:9)
  21 rats
184 creatures vanquished.

Vanquished Creatures (collateral kills)
  A wraith (D:6)
  An orc (D:4)
2 creatures vanquished.

Vanquished Creatures (others)
  235 foxfires
  9 plants (D:5)
244 creatures vanquished.

Grand Total: 430 creatures vanquished

Notes
Turn   | Place    | Note
-------+----------+-------------------------------------------
     0 | D:1      | Draugr the Djinni Fire Elementalist began the quest for the
                  | Orb.
     0 | D:1      | Reached XP level 1. HP: 15/15 MP: 0/0
   184 | D:1      | Reached XP level 2. HP: 19/21 MP: 0/0
   495 | D:1      | Found a faded altar of an unknown god.
   865 | D:2      | Reached XP level 3. HP: 23/25 MP: 0/0
   865 | D:2      | Learned a level 1 spell: Magic Dart
  1072 | D:2      | Reached skill level 1 in Fighting
  1132 | D:2      | Reached XP level 4. HP: 31/32 MP: 0/0
  1224 | D:2      | You are sucked into a shaft and drop 1 floor!
  1233 | D:3      | Found a shadowy altar of Dithmenos.
  2480 | D:3      | Reached XP level 5. HP: 36/38 MP: 0/0
  2480 | D:3      | Learned a level 2 spell: Wereblood
  3150 | D:4      | Reached XP level 6. HP: 36/43 MP: 0/0
  3374 | D:4      | Reached skill level 1 in Maces & Flails
  3653 | D:4      | Found a staircase to the Ecumenical Temple.
  3660 | Temple   | Entered the Ecumenical Temple
  3677 | Temple   | Became a worshipper of Makhleb the Destroyer
  3744 | D:5      | Entered Level 5 of the Dungeon
  4102 | D:5      | Noticed a black bear
  4122 | D:5      | Noticed a necrophage
  4622 | D:5      | Reached XP level 7. HP: 47/49 MP: 0/0
  4622 | D:5      | Learned a level 3 spell: Lesser Beckoning
  4752 | D:5      | Reached skill level 5 in Spellcasting
  5492 | D:5      | Reached XP level 8. HP: 43/54 MP: 0/0
  5636 | D:5      | Reached * piety under Makhleb
  5884 | D:6      | Found a sacrificial altar of Ru.
  5944 | D:6      | Found a stormy altar of Qazlal.
  6282 | D:6      | Reached skill level 5 in Fighting
  6605 | D:6      | Reached skill level 1 in Invocations
  6605 | D:6      | Reached XP level 9. HP: 60/66 MP: 0/0
  6605 | D:6      | Learned a level 4 spell: Leda's Liquefaction
  6725 | D:6      | Noticed Eustachio
  6736 | D:6      | Killed Eustachio
  7242 | D:6      | Noticed Pikel
  7292 | D:6      | Killed Pikel
  7485 | D:6      | Found Hehuyb's Antique Weapon Shoppe.
  7497 | D:6      | Bought a pitted rapier for 225 gold pieces
  7497 | D:6      | Identified the +12 rapier of Veussata {vorpal, rC+ rCorr
                  | MP+9 Int-2} (You bought it in a shop on level 6 of the
                  | Dungeon)
  7593 | D:6      | Reached skill level 1 in Short Blades
  8182 | D:7      | Found a broken altar of Ashenzari.
  8198 | D:7      | Reached skill level 2 in Stealth
  8326 | D:7      | Found a hazy altar of Hepliaklqana.
  8367 | D:7      | Reached skill level 3 in Stealth
  8391 | D:7      | Found a blossoming altar of Fedhas.
  8472 | D:7      | Found Jeory's Book Shop.
  8673 | D:7      | Reached XP level 10. HP: 39/72 MP: 0/0
  8930 | D:7      | Reached skill level 4 in Stealth
  9438 | D:7      | Found a snail-covered altar of Cheibriados.
  9608 | D:8      | Reached ** piety under Makhleb
  9608 | D:8      | Noticed Maurice
  9650 | D:8      | Reached skill level 5 in Stealth
  9708 | D:8      | Found a glowing golden altar of the Shining One.
  9708 | D:8      | Found a white marble altar of Elyvilon.
  9708 | D:8      | Found a glowing silver altar of Zin.
  9761 | D:8      | Killed Maurice
  9762 | D:8      | Reached skill level 6 in Stealth
 10054 | D:8      | Noticed Psyche
 10093 | D:8      | Noticed Prince Ribbit
 10095 | D:8      | Killed Prince Ribbit
 10096 | D:8      | Reached skill level 7 in Stealth
 10234 | D:8      | Found a staircase to the Lair.
 10495 | D:9      | Noticed a seven-headed hydra
 10711 | D:9      | Found a staircase to the Orcish Mines.
 10768 | D:9      | Slain by a shadow

Illustrated notes

Levels and vault maps discovered:
D:1:      lemuel_arrival_hallway, layout_rooms, ebering_ecumenical_altar_hall,
          minmay_3d_cube
D:2:      layout_basic, minivault_27, minmay_rat_hole
D:3:      layout_loops_ring, grunt_dithmenos_smoke
D:4:      layout_cave_pools, minmay_temple_entry_overgrown
D:5:      layout_loops_ring, grunt_decor_resistance, serial_bayou_pond_a
D:6:      layout_loops_corners, nicolae_ru_great_annihilating_truth,
          mainiacjoe_overflow_24_doors, serial_shops, nicolae_shop_trees,
          lemuel_flamethrower_2, uniq_eustachio, uniq_pikel
D:7:      layout_basic, kennysheep_mini, lemuel_crystal_altar,
          mainiacjoe_overflow_catch_the_wave, serial_shops, shop_statue,
          serial_curves, eino_curves_01, eino_curves_04, eino_curves_02
D:8:      layout_basic, good_gods_mini_temple, lair_entry_dummy,
          minmay_unpleasant_kobolds, uniq_psyche, uniq_prince_ribbit1,
          uniq_maurice
D:9:      layout_roguey, mainiacjoe_overflow_tiny_flanked, zombieorc2_lemuel
Temple:   corrupted_temple

Skill      XL: |  1  2  3  4  5  6  7  8  9 10 |
---------------+-------------------------------+-----
Spellcasting   | 3 4 5 6 |  6.0
Dodging        | 3 4 |  4.0
Fighting       | 1 2 6 |  6.0
Maces & Flails | 1 |  1.6
Invocations    | 1 6 |  6.1
Short Blades   | 2 3 |  3.2
Stealth        | 3 7 |  7.1
Axes           | |  0.1

Action                   |  1- 3 |  4- 6 |  7- 9 | 10-12 || total
-------------------------+-------+-------+-------+-------++-------
Melee: Dagger            |     3 |       |       |       ||     3
       Falchion          |       |    34 |       |       ||    34
       Mace              |       |    32 |    50 |       ||    82
       Rapier            |       |       |    31 |    69 ||   100
 Cast: Foxfire           |    40 |    74 |    36 |       ||   150
       Conjure Flame     |       |     6 |     2 |       ||     8
       Magic Dart        |       |     5 |     1 |     1 ||     7
       Wereblood         |       |     1 |       |       ||     1
       Sticky Flame      |       |       |    25 |    17 ||    42
       Fireball          |       |       |       |     2 ||     2
  Use: Scroll            |       |     8 |     2 |     6 ||    16
       Potion            |       |     3 |       |     2 ||     5
 Stab: Sleeping          |       |     4 |     1 |     7 ||    12
Armor: Robe              |     1 |     8 |    20 |    14 ||    43
Dodge: Dodged            |     6 |    81 |    83 |    44 ||   214
       Rpst.: Falchion   |       |    13 |       |       ||    13
